 Dungeon Crawl Stone Soup version 0.28-a0-1435-g82390b3a13 (webtiles) character file.

Game seed: 11875780756589160316

35378 willcat the Destroyer (level 13, -15/99 HPs)
             Began as a Gnoll Conjurer on Jan 9, 2022.
             Was an Initiate of Gozag.
             Hit by a large rock thrown by a cyclops (45 damage)
             ... on level 2 of the Orcish Mines.
             The game lasted 00:32:39 (17253 turns).

willcat the Destroyer (Gnoll Conjurer)             Turns: 17253, Time: 00:32:39

Health: -15/99     AC:  9    Str:  7    XL:     13   Next: 83%
Magic:  13/27      EV: 15    Int: 22    God:    Gozag
Gold:   4108       SH:  0    Dex: 11    Spells: 11/32 levels left

rFire   . . .      SeeInvis .   y - +3 demon whip (venom)
rCold   . . .      Faith    .   (no shield)
rNeg    . . .      Spirit   .   a - +0 robe
rPois   .          Reflect  .   (no helmet)
rElec   .          Harm     .   j - +2 cloak {Stlth+}
rCorr   .          Rampage  .   o - +2 pair of gloves
Will    .....                   (no boots)
Stlth   +++++.....              q - amulet of regeneration
HPRegen 1.06/turn               (no ring)
MPRegen 0.20/turn               (no ring)

@: gold aura
A: fangs 1, strong nose, distributed training
a: Renounce Religion, Potion Petition, Call Merchant, Bribe Branch


You were on level 2 of the Orcish Mines.
You worshipped Gozag.
Gozag was most pleased with you.
You visited 3 branches of the dungeon, and saw 12 of its levels.
You also visited: Sewer and Bailey.

You collected 4165 gold pieces.
You paid 57 gold pieces to Gozag.

Inventory:

Hand Weapons
 s - a +3 scimitar of flaming
 y - a +3 demon whip of venom (weapon)
 z - the +9 falchion "Tegiroist" {protect, rElec}
   (You found it on level 1 of the Orcish Mines)

   It grants its wielder temporary protection when it strikes (+7 to AC).
   rElec:     It insulates you from electricity.
 A - the +8 arbalest "Womewkoc" {speed, rN+ Str+4 Int-2 Stlth+}
   (You found it on level 1 of the Orcish Mines)

   Attacks with this weapon are significantly faster.
   Str:       It affects your strength (+4).
   Int:       It affects your intelligence (-2).
   rN:        It protects you from negative energy.
   Stlth:     It makes you more stealthy.
Missiles
 g - a throwing net
Armour
 a - a +0 robe (worn)
 j - a +2 cloak of stealth (worn)
 o - a +2 pair of gloves (worn)
 t - an orb of mayhem
Magical Staves
 D - a staff of conjuration
Jewellery
 q - an amulet of regeneration (around neck)
 B - the amulet of the Four Winds {rN+ Will+++ Clar}
   (You found it on level 1 of the Orcish Mines)

   [amulet of nothing]

   rN:        It protects you from negative energy.
   Clar:      It protects you against confusion.
   Will:      It greatly increases your willpower.
Wands
 u - a wand of digging (5)
 w - a wand of flame (8)
Scrolls
 e - 3 scrolls of identify
 f - 5 scrolls of teleportation
 i - a scroll of fog
 l - 2 scrolls of amnesia
 p - a scroll of silence
 r - 2 scrolls of fear
 v - a scroll of magic mapping {unknown}
Potions
 b - 4 potions of flight
 c - 2 potions of ambrosia
 k - a potion of magic {unknown}
 m - a potion of cancellation {unknown}
 x - 2 potions of might
Miscellaneous
 d - a tin of tremorstones (2/2)
 n - a condenser vane
 C - a box of beasts


   Skills:
 + Level 8.5 Fighting
 + Level 8.5 Short Blades
 + Level 8.5 Long Blades
 + Level 8.5 Axes
 + Level 8.5 Maces & Flails
 + Level 8.5 Polearms
 + Level 8.5 Staves
 + Level 8.5 Slings
 + Level 8.5 Bows
 + Level 8.5 Crossbows
 + Level 8.5 Throwing
 + Level 8.5 Armour
 + Level 9.8 Dodging
 + Level 9.6 Stealth
 + Level 8.5 Shields
 + Level 8.5 Unarmed Combat
 + Level 10.0 Spellcasting
 + Level 10.1 Conjurations
 + Level 7.1 Hexes
 + Level 7.1 Summonings
 + Level 7.1 Necromancy
 + Level 7.1 Translocations
 + Level 7.1 Transmutations
 + Level 7.1 Fire Magic
 + Level 7.1 Ice Magic
 + Level 7.1 Air Magic
 + Level 7.1 Earth Magic
 + Level 7.1 Poison Magic
 + Level 9.3 Invocations
 + Level 8.5 Evocations


You had 11 spell levels left.
You knew the following spells:

 Your Spells              Type           Power      Damage    Failure   Level
a - Magic Dart            Conj           100%       1d8       1%          1
b - Searing Ray           Conj           100%       2d8       1%          2
c - Iskenderun's Mystic   Conj/Tloc      49%        2d11      1%          4
d - Summon Mana Viper     Hex/Summ       42%        N/A       9%          5
e - Olgreb's Toxic Radia  Pois           42%        N/A       3%          4
f - Summon Forest         Summ/Tloc      21%        N/A       9%          5

Your spell library contained the following spells:

 Spells                   Type           Power      Damage    Failure   Level
 Slow                     Hex            100%       N/A       1%          1
 Ensorcelled Hibernation  Hex/Ice        84%        N/A       1%          2
 Confusing Touch          Hex            42%        N/A       1%          3
 Dazzling Flash           Conj/Hex       98%        N/A       1%          3
 Spider Form              Tmut/Pois      42%        N/A       1%          3
 Vampiric Draining        Necr           42%        2d9       1%          3
 Fulminant Prism          Conj/Hex       24%        3d13      1%          4
 Summon Cactus Giant      Summ           21%        N/A       45%         6
 Ozocubu's Refrigeration  Ice            21%        4d9       95%         7
 Ignition                 Fire           21%        3d8       100%        8


Dungeon Overview and Level Annotations

Branches:
Dungeon (9/15)             Temple (1/1) D:4             Orc (2/2) D:9
    Elf (0/3) Orc:2         Sewer (visited)          Bailey (visited)
   Lair: D:8-11

Altars:
Ashenzari
Cheibriados
Dithmenos
Elyvilon
Fedhas
Gozag
Hepliaklqana
Kikubaaqudgha
Makhleb
Nemelex Xobeh
Okawaru
Qazlal
Ru
Sif Muna
Trog
Uskayaw
Vehumet
Wu Jian
Xom
Yredelemnul
Zin
The Shining One
Beogh

Shops:
Orc:2 :


Innate Abilities, Weirdness & Mutations

You have very sharp teeth.
Your uncanny sense of smell can sniff out nearby items.
Your experience applies equally to all skills.


Message History

Something hits you. The ogre barely misses you.
You can move again.
Unknown command.
Casting: Olgreb's Toxic Radiance (dangerous; 3% risk of failure)
Confirm with . or Enter, or press ? or * to list all spells.
You erupt in a blast of force!
The mystic blast hits something!!
The mystic blast hits the two-headed ogre!
The two-headed ogre is almost dead.
The two-headed ogre is knocked back by the mystic blast.
The mystic blast hits the ogre.
You kill the ogre!
You hear a shout!
The cyclops looks more healthy.
You hear some strange, mumbled words.
Something tries to affect you, but you resist.
Unknown command.
Unknown command.
Casting: Iskenderun's Mystic Blast (mildly dangerous; 1% risk of failure)
Confirm with . or Enter, or press ? or * to list all spells.
You erupt in a blast of force!
The mystic blast hits the cyclops!
The cyclops is heavily wounded.
The cyclops is knocked back by the mystic blast.
Unknown command.
Unknown command.
Unknown command.
You hear some strange, mumbled words.
A bolt of magma appears from out of thin air!
The bolt of magma hits you!!
* * * LOW HITPOINT WARNING * * *
Okay, then.
Blink to where?
Press: ? - help, Dir - move target
As you read the scroll of blinking, it crumbles to dust.
An ogre comes into view. It is wielding a +0 giant club.
As you read the scroll of teleportation, it crumbles to dust.
You feel strangely unstable.
Your surroundings seem slightly different.
The cyclops throws a large rock.
The large rock hits you!!!
You die...
Your body crumbles into a pile of gold.

...).)#.[...[..........[[....#...
...#.####.[...............)......
####.###................§.O......
...#..................$.C.....
##.........#>............{.....
#....#.......O##..............
##.............#..C...........
#.#...........................
.............@................
#....#...........^......... ....
##.....#.............. #.#
##...................#.
#......................
##...#..#.........#....
#.§.##....##..........
##.##.....#...........
####..............[..


You could see a two-headed ogre (wandering) and a cyclops.

Vanquished Creatures
  An ettin (Orc:1)
  An ogre mage (Orc:2)
  5 two-headed ogres
  Erica (D:8)
  An orc high priest (Orc:1)
  A deep troll (Orc:2)
  Pikel (D:6)
  An orc knight (Orc:1)
  An orc sorcerer (Orc:2)
  2 cyclopes (Orc:1)
  A kobold demonologist (D:8)
  8 trolls
  Grinder (D:6)
  6 spriggans (Bailey)
  11 yaks (D:9)
  A vampire mosquito (D:6)
  4 steam dragons
  4 wargs
  An acid dragon (Bailey)
  2 water moccasins (D:7)
  2 hornet zombies
  17 orc warriors
  A black bear (D:7)
  2 ice beasts
  27 ogres
  2 sky beasts
  4 wolves (Orc:1)
  2 necrophages
  2 centaurs
  3 lemures (D:6)
  A phantom (D:6)
  A gnoll sergeant (D:7)
  2 bullfrogs
  A scorpion (D:5)
  5 electric eels (D:7)
  7 wights
  2 howler monkeys
  2 centaur zombies
  2 centaur skeletons
  5 hounds
  Crazy Yiuf (D:2)
  2 gnoll shamans
  9 orc priests
  Natasha (thrice) (D:2)
  A bullfrog skeleton (D:6)
  Terence (D:2)
  A hell rat (D:7)
  3 iguanas
  15 orc wizards
  A merfolk siren (Sewer)
  A merfolk avatar (Sewer)
  A killer bee zombie (D:6)
  18 gnolls
  12 river rats
  11 adders
  A shadow imp (D:6)
  A white imp (D:6)
  An adder skeleton (D:4)
  2 worms
  6 dart slugs
  51 orcs
  15 ball pythons
  5 endoplasms
  4 giant cockroaches
  8 goblins
  2 hobgoblins
  12 quokkas
  5 bats
  9 frilled lizards
  11 kobolds
  39 rats
396 creatures vanquished.

Vanquished Creatures (collateral kills)
  A fire giant (Orc:1)
  An orc warlord (Orc:1)
  12 cyclopes (Orc:1)
  A vampire (D:9)
  A fire elemental (Orc:1)
16 creatures vanquished.

Vanquished Creatures (others)
  4 plants (D:7)
4 creatures vanquished.

Grand Total: 416 creatures vanquished

Notes
Turn   | Place    | Note
-------+----------+-------------------------------------------
     0 | D:1      | willcat the Gnoll Conjurer began the quest for the Orb.
     0 | D:1      | Reached XP level 1. HP: 13/13 MP: 6/6
   107 | D:1      | You fall into a shaft and drop 1 floor!
   122 | D:2      | Reached XP level 2. HP: 19/19 MP: 4/7
   474 | D:2      | Reached XP level 3. HP: 25/25 MP: 2/9
   502 | D:2      | Reached skill level 5 in Spellcasting
   837 | D:2      | Reached skill level 1 in Invocations
  1110 | D:2      | Noticed Terence
  1121 | D:2      | Killed Terence
  1122 | D:2      | Reached skill level 1 in Fighting
  1122 | D:2      | Reached skill level 1 in Short Blades
  1122 | D:2      | Reached skill level 1 in Long Blades
  1122 | D:2      | Reached skill level 1 in Axes
  1122 | D:2      | Reached skill level 1 in Maces & Flails
  1122 | D:2      | Reached skill level 1 in Polearms
  1122 | D:2      | Reached skill level 1 in Staves
  1122 | D:2      | Reached skill level 1 in Slings
  1122 | D:2      | Reached skill level 1 in Bows
  1122 | D:2      | Reached skill level 1 in Crossbows
  1122 | D:2      | Reached skill level 1 in Throwing
  1122 | D:2      | Reached skill level 1 in Armour
  1122 | D:2      | Reached skill level 1 in Shields
  1122 | D:2      | Reached skill level 1 in Unarmed Combat
  1122 | D:2      | Reached skill level 1 in Evocations
  1122 | D:2      | Reached XP level 4. HP: 16/32 MP: 7/11
  1389 | D:2      | Noticed Natasha
  1395 | D:2      | Killed Natasha
  1396 | D:2      | Reached skill level 1 in Hexes
  1396 | D:2      | Reached skill level 1 in Summonings
  1396 | D:2      | Reached skill level 1 in Necromancy
  1396 | D:2      | Reached skill level 1 in Translocations
  1396 | D:2      | Reached skill level 1 in Transmutations
  1396 | D:2      | Reached skill level 1 in Fire Magic
  1396 | D:2      | Reached skill level 1 in Ice Magic
  1396 | D:2      | Reached skill level 1 in Air Magic
  1396 | D:2      | Reached skill level 1 in Earth Magic
  1396 | D:2      | Reached skill level 1 in Poison Magic
  1531 | D:2      | Found a runed translucent door.
  1532 | D:2      | Noticed Crazy Yiuf
  1714 | D:2      | Killed Crazy Yiuf
  1715 | D:2      | Reached XP level 5. HP: 25/37 MP: 10/12
  2191 | D:1      | Found a faded altar of an unknown god.
  2573 | D:2      | Noticed Natasha
  2583 | D:2      | Killed Natasha
  2859 | D:2      | Noticed Natasha
  2864 | D:2      | Killed Natasha
  2917 | D:3      | Found a glowing drain.
  2976 | D:3      | Reached XP level 6. HP: 30/44 MP: 13/13
  2993 | Sewer    | Entered a sewer
  3223 | Sewer    | HP: 2/44 [sickly merfolk siren (7)]
  3236 | Sewer    | Reached skill level 5 in Dodging
  4002 | D:3      | Learned a level 4 spell: Iskenderun's Mystic Blast
  4005 | D:3      | Learned a level 2 spell: Searing Ray
  4873 | D:4      | Reached XP level 7. HP: 36/50 MP: 12/15
  5259 | D:4      | Reached skill level 5 in Stealth
  5719 | D:4      | Found a staircase to the Ecumenical Temple.
  5988 | Temple   | Entered the Ecumenical Temple
  6106 | Temple   | Became a worshipper of Gozag Ym Sagoz the Greedy
  6127 | D:4      | Reached XP level 8. HP: 45/57 MP: 5/16
  6738 | D:4      | Found a burning altar of Makhleb.
  6742 | D:4      | Found a stormy altar of Qazlal.
  6802 | D:4      | Found a glowing silver altar of Zin.
  6842 | D:5      | Entered Level 5 of the Dungeon
  7678 | D:6      | Reached XP level 9. HP: 65/65 MP: 11/18
  8076 | D:6      | Noticed Grinder
  8086 | D:6      | Killed Grinder
  8675 | D:6      | Noticed Pikel
  8720 | D:6      | Killed Pikel
  8721 | D:6      | Reached skill level 5 in Invocations
  9540 | D:7      | Noticed a cyclops
  9802 | D:7      | Reached XP level 10. HP: 44/73 MP: 14/20
  9991 | D:7      | Reached skill level 5 in Fighting
  9991 | D:7      | Reached skill level 5 in Short Blades
  9991 | D:7      | Reached skill level 5 in Long Blades
  9991 | D:7      | Reached skill level 5 in Axes
  9991 | D:7      | Reached skill level 5 in Maces & Flails
  9991 | D:7      | Reached skill level 5 in Polearms
  9991 | D:7      | Reached skill level 5 in Staves
  9991 | D:7      | Reached skill level 5 in Slings
  9991 | D:7      | Reached skill level 5 in Bows
  9991 | D:7      | Reached skill level 5 in Crossbows
  9991 | D:7      | Reached skill level 5 in Throwing
  9991 | D:7      | Reached skill level 5 in Armour
  9991 | D:7      | Reached skill level 5 in Shields
  9991 | D:7      | Reached skill level 5 in Unarmed Combat
  9991 | D:7      | Reached skill level 5 in Evocations
 11206 | D:8      | Noticed a kobold demonologist
 11210 | D:8      | Killed a kobold demonologist
 11677 | D:8      | Noticed Erica
 11702 | D:8      | Killed Erica
 12323 | D:9      | Found a flagged portal.
 12335 | Bailey   | Entered a bailey
 12402 | Bailey   | Reached XP level 11. HP: 76/81 MP: 1/22
 12563 | Bailey   | Reached skill level 5 in Hexes
 12563 | Bailey   | Reached skill level 5 in Summonings
 12563 | Bailey   | Reached skill level 5 in Necromancy
 12563 | Bailey   | Reached skill level 5 in Translocations
 12563 | Bailey   | Reached skill level 5 in Transmutations
 12563 | Bailey   | Reached skill level 5 in Fire Magic
 12563 | Bailey   | Reached skill level 5 in Ice Magic
 12563 | Bailey   | Reached skill level 5 in Air Magic
 12563 | Bailey   | Reached skill level 5 in Earth Magic
 12563 | Bailey   | Reached skill level 5 in Poison Magic
 12623 | Bailey   | Noticed a two-headed ogre
 12675 | Bailey   | Killed a two-headed ogre
 12770 | Bailey   | Reached XP level 12. HP: 89/89 MP: 24/24
 12890 | D:9      | Learned a level 5 spell: Summon Mana Viper
 13034 | D:9      | Found a staircase to the Orcish Mines.
 13176 | D:9      | Found a snail-covered altar of Cheibriados.
 13328 | D:9      | Noticed a two-headed ogre
 13940 | Orc:1    | Entered Level 1 of the Orcish Mines
 13975 | Orc:1    | Learned a level 4 spell: Olgreb's Toxic Radiance
 15014 | Orc:1    | Reached XP level 13. HP: 88/98 MP: 19/26
 15098 | Orc:1    | Noticed a fire giant
 15126 | Orc:1    | Killed a fire giant
 15260 | Orc:1    | Identified the +8 arbalest "Womewkoc" {speed, rN+ Str+4
                  | Int-2 Stlth+}
 15264 | Orc:1    | Identified the +9 falchion "Tegiroist" {protect, rElec}
 15266 | Orc:1    | Identified the +1 glaive of Cusuru {vorpal, +Blink}
 15283 | Orc:1    | Found the amulet of the Four Winds {rN+ Will+++ Clar}
 15496 | Orc:1    | Noticed an ettin
 15524 | Orc:1    | Killed an ettin
 15553 | Orc:1    | Noticed an ettin
 16154 | Orc:2    | Entered Level 2 of the Orcish Mines
 16155 | Orc:2    | Noticed an orc warlord
 16156 | Orc:2    | Found a staircase to the Elven Halls.
 16195 | Orc:1    | Killed an orc warlord
 16580 | Orc:2    | Reached skill level 10 in Conjurations
 16722 | Orc:2    | Learned a level 5 spell: Summon Forest
 16801 | Orc:2    | Found Belubeedy's Book Emporium.
 16983 | Orc:2    | Reached skill level 10 in Spellcasting
 17235 | Orc:2    | Paralysed by something for 4 turns
 17253 | Orc:2    | Hit by a large rock thrown by a cyclops

Illustrated notes

Levels and vault maps discovered:
D:1:      psy_arrival_heroes, layout_rooms,
          dreamdust_ecumenical_altar_angels_and_demons, minmay_tromino_v2
D:2:      layout_loops_corners, corexii_shack, uniq_terence, uniq_natasha,
          uniq_crazy_yiuf_cottage
D:3:      layout_loops_corners, portal_sewer_entry_c
D:4:      layout_gridville, minmay_overflow_temple_star_quad,
          minmay_temple_entry_enclosed_plants, minmay_bisected
D:5:      layout_rooms
D:6:      layout_basic, hangedman_decor_push, minmay_microvault, uniq_grinder,
          uniq_pikel
D:7:      lemuel_ratsnest, layout_cave_pools, small_statue_intersection,
          serial_bayou_lagoon_b
D:8:      layout_basic, uniq_erica
D:9:      layout_basic, cheibriados_altar_1, orc_0_dummy, enter_bailey_2
Temple:   hc_temple_tempest_star
Orc:1:    giant_chief_lemuel, layout_diamond_mine, basic_altar, abandoned_shop
Orc:2:    st_orc_open, layout_caves, minmay_orc_barracks, uniq_maurice

Skill      XL: |  1  2  3  4  5  6  7  8  9 10 11 12 13 |
---------------+----------------------------------------+-----
Spellcasting   | 5 6 7 8 9 10 | 10.0
Invocations    | 1 2 3 4 5 6 7 8 9 |  9.3
Fighting       | 1 2 3 4 5 6 7 8 |  8.5
Short Blades   | 1 2 3 4 5 6 7 8 |  8.5
Long Blades    | 1 2 3 4 5 6 7 8 |  8.5
Axes           | 1 2 3 4 5 6 7 8 |  8.5
Maces & Flails | 1 2 3 4 5 6 7 8 |  8.5
Polearms       | 1 2 3 4 5 6 7 8 |  8.5
Staves         | 1 2 3 4 5 6 7 8 |  8.5
Slings         | 1 2 3 4 5 6 7 8 |  8.5
Bows           | 1 2 3 4 5 6 7 8 |  8.5
Crossbows      | 1 2 3 4 5 6 7 8 |  8.5
Throwing       | 1 2 3 4 5 6 7 8 |  8.5
Armour         | 1 2 3 4 5 6 7 8 |  8.5
Shields        | 1 2 3 4 5 6 7 8 |  8.5
Unarmed Combat | 1 2 3 4 5 6 7 8 |  8.5
Evocations     | 1 2 3 4 5 6 7 8 |  8.5
Hexes          | 1 2 3 4 5 6 7 |  7.1
Summonings     | 1 2 3 4 5 6 7 |  7.1
Necromancy     | 1 2 3 4 5 6 7 |  7.1
Translocations | 1 2 3 4 5 6 7 |  7.1
Transmutations | 1 2 3 4 5 6 7 |  7.1
Fire Magic     | 1 2 3 4 5 6 7 |  7.1
Ice Magic      | 1 2 3 4 5 6 7 |  7.1
Air Magic      | 1 2 3 4 5 6 7 |  7.1
Earth Magic    | 1 2 3 4 5 6 7 |  7.1
Poison Magic   | 1 2 3 4 5 6 7 |  7.1
Dodging        | 5 6 7 8 9 |  9.8
Stealth        | 5 6 7 8 9 |  9.6
Conjurations   | 8 9 10 | 10.1

Action                   |  1- 3 |  4- 6 |  7- 9 | 10-12 | 13-15 || total
-------------------------+-------+-------+-------+-------+-------++-------
Melee: Whip              |     8 |   207 |   181 |   181 |       ||   577
       Bite              |     2 |    15 |    21 |    43 |     7 ||    88
       Punch             |       |     3 |     5 |    20 |     2 ||    30
       Unarmed           |       |       |       |     7 |       ||     7
       Demon whip        |       |       |       |   160 |    89 ||   249
 Cast: Magic Dart        |    45 |    37 |    32 |    58 |     1 ||   173
       Searing Ray       |       |     2 |    35 |    37 |     4 ||    78
       Iskenderun's Myst |       |       |     7 |    16 |    12 ||    35
       Summon Mana Viper |       |       |       |    18 |    10 ||    28
       Olgreb's Toxic Ra |       |       |       |     5 |    38 ||    43
Evoke: Wand              |       |       |     4 |    13 |       ||    17
  Use: Scroll            |       |     7 |     2 |    11 |     2 ||    22
       Potion            |       |     7 |       |     3 |       ||    10
 Stab: Sleeping          |       |    19 |     7 |     4 |       ||    30
       Distracted        |       |       |       |     3 |       ||     3
Armor: Robe              |       |    56 |    61 |    70 |    22 ||   209
       Skin              |       |     4 |       |     1 |       ||     5
Dodge: Dodged            |    14 |   165 |   155 |   250 |    80 ||   664

Table legend: (Time is in decaauts)
 A = Elapsed time spent in this place.
 B = Non-inter-level travel time spent in this place.
 C = Inter-level travel time spent in this place.
 D = Time resting spent in this place.
 E = Time spent auto-exploring this place.
 F = Levels seen in this place.
 G = Mean time per level.
                   A        B        C        D        E       F      G
               +--------+--------+--------+--------+--------+-----+--------+
         Total |  17260 |  16680 |    580 |   2604 |   9857 |  14 | 1232.9 |
       Dungeon |  12397 |  11850 |    547 |   1503 |   7954 |   9 | 1377.4 |
        Temple |    153 |    140 |     13 |      0 |    116 |   1 |  153.0 |
  Orcish Mines |   3281 |   3262 |     19 |    793 |   1201 |   2 | 1640.5 |
         Sewer |    942 |    942 |      0 |    186 |    476 |   1 |  942.0 |
        Bailey |    485 |    485 |      0 |    122 |    109 |   1 |  485.0 |
               +--------+--------+--------+--------+--------+-----+--------+

Top non-repeatable levels by time:
   Orc:1: 2826 daAuts
     D:6: 2456 daAuts
     D:2: 2061 daAuts
     D:4: 1752 daAuts
     D:7: 1391 daAuts
     D:3: 1164 daAuts
     D:9: 1156 daAuts
   Sewer: 942 daAuts
     D:8: 929 daAuts
     D:1: 813 daAuts
     D:5: 671 daAuts
  Bailey: 485 daAuts
   Orc:2: 454 daAuts
  Temple: 153 daAuts
